 Dungeon Crawl Stone Soup version 0.30.0-29-ga12c61a403 (webtiles) character file.

Game seed: 16507001765061025537

144535 AIAndy the Eclecticist (level 18, -2/142 HPs)
             Began as a Djinni Fire Elementalist on June 19, 2023.
             Was the Champion of Makhleb.
             Slain by a broodmother (9 damage)
             ... while petrified by Jorgrun
             ... on level 2 of the Spider Nest on June 21, 2023.
             The game lasted 04:14:09 (19273 turns).

AIAndy the Eclecticist (Djinni Fire Elementalist)  Turns: 19273, Time: 04:14:09

Health: -2/142     AC: 21    Str:  7    XL:     18   Next: 2%
Gold:   1608       EV:  2    Int: 23    God:    Makhleb [******] SH:  0 Dex: 16

rFire   + + +        m - staff of conjuration
rCold   x x .        (no shield)
rNeg    + + +        x - +4 troll leather armour {Pargi}
rPois   ∞            Z - +2 helmet {SInv}
rElec   +            g - +0 cloak of the Eight Boll Weevils {*Corrode rElec Regen+}
rCorr   +            N - +2 pair of gloves
SInv    +            (boots unavailable)
Will    +....        W - amulet of the acrobat
Stlth   ++           i - +4 ring of protection
HPRegen 2.03/turn    V - ring of Puunetit {Fire rCorr}
MPRegen 0.00/turn

%: corrode self (3%), acrobat, infuse magic (-3 HP)
@: petrified, flying
A: sickness immunity, fire resistance 2, cold vulnerability 1, float, innate
caster, HP casting, extra vitality 1
a: Renounce Religion, Minor Destruction, Lesser Servant of Makhleb, Major
Destruction, Greater Servant of Makhleb


You were on level 2 of the Spider Nest.
You worshipped Makhleb.
Makhleb was exalted by your worship.
You visited 5 branches of the dungeon, and saw 25 of its levels.
You also visited: Sewer, Bailey, Gauntlet and Ice Cave.

You collected 2744 gold pieces.
You spent 1136 gold pieces at shops.

Inventory:

Missiles
 O - 2 throwing nets
Armour
 g - the +0 cloak of the Eight Boll Weevils (worn) {*Corrode rElec Regen+}
   (You found it in a Gauntlet)

   rElec:     It insulates you from electricity.
   Regen:     It increases your rate of health regeneration.
   *Corrode:  It may corrode you when you take damage.
 x - a +4 troll leather armour (worn) {Pargi}
 y - the +3 leather armour of Pleasant Breezes {Will++ Slay+3}
   (You found it on level 14 of the Dungeon)

   Slay:      It affects your accuracy & damage with ranged weapons and melee
   (+3).
   Will:      It greatly increases your willpower.
 N - a +2 pair of gloves (worn)
 Z - a +2 helmet of see invisible (worn)
Magical Staves
 c - a staff of fire
 m - a staff of conjuration (weapon)
 w - a staff of poison
 S - a staff of earth
Jewellery
 d - the ring of Kindness {Will- MP-9 EV+5 Dex+9 SInv}
   (You acquired it on level 2 of the Orcish Mines)

   [ring of evasion]

   EV:        It affects your evasion (+5).
   Dex:       It affects your dexterity (+9).
   MP:        It affects your magic capacity (-9).
   SInv:      It lets you see invisible.
   Will:      It decreases your willpower.
 i - a +4 ring of protection (left hand)
 s - a ring of willpower
 G - a +4 ring of protection
 H - a ring of see invisible
 L - the ring "Mujot" {rPois rN+ Int+4}
   (You found it in an ice cave)

   [ring of positive energy]

   Int:       It affects your intelligence (+4).
   rPois:     It protects you from poison.
   rN:        It protects you from negative energy.
 M - the ring "Zachis" {rC+ Will- rCorr Str+4 Dex+2}
   (You took it off a wight on level 7 of the Dungeon)

   [ring of protection from cold]

   Str:       It affects your strength (+4).
   Dex:       It affects your dexterity (+2).
   rC:        It protects you from cold.
   rCorr:     It protects you from acid and corrosion.
   Will:      It decreases your willpower.
 V - the ring of Puunetit (right hand) {Fire rCorr}
   (You found it in a Gauntlet)

   [ring of fire]

   It enhances your fire magic.
   rF:        It protects you from fire.
   rC:        It makes you vulnerable to cold.
   rCorr:     It protects you from acid and corrosion.
 W - an amulet of the acrobat (around neck)
Wands
 a - a wand of flame (73)
 q - a wand of quicksilver (45)
 v - a wand of charming (24)
 z - a wand of mindburst (8)
 R - a wand of roots (16)
 T - a wand of polymorph (19)
 U - a wand of digging (8)
Scrolls
 b - a scroll of brand weapon
 j - 2 scrolls of enchant weapon
 k - 7 scrolls of teleportation
 l - a scroll of magic mapping
 B - a scroll of blinking
 C - a scroll of poison
 D - 3 scrolls of enchant armour
 F - 3 scrolls of fear
 I - a scroll of silence
 J - 2 scrolls of identify
 P - 5 scrolls of fog
Potions
 e - 2 potions of brilliance
 f - 17 potions of curing
 h - 3 potions of cancellation
 n - 6 potions of mutation
 o - 2 potions of resistance
 p - 3 potions of ambrosia
 t - 4 potions of might
 u - 7 potions of lignification
 A - a potion of haste
 E - 3 potions of invisibility
 K - 3 potions of heal wounds
Miscellaneous
 r - a condenser vane
 Q - a piece from Xom's chessboard (15/15)
 X - a box of beasts
 Y - a lightning rod (4/4)


   Skills:
 - Level 17.0 Fighting
 + Level 7.7 Armour
 - Level 8.0 Dodging
 - Level 2.1 Stealth
 + Level 18.2 Spellcasting
 - Level 4.0 Invocations


You knew the following spells:

 Your Spells              Type           Power      Damage    Failure   Level
a - Foxfire               Conj/Fire      100%       2x1d9     0%          1
b - Scorch                Fire           100%       2d9       0%          2
c - Volatile Blastmotes   Fire/Tloc      100%       2d18      0%          3
d - Inner Flame           Hex/Fire       100%       N/A       0%          3
e - Flame Wave            Conj/Fire      100%       2d21      1%          4
f - Kiss of Death         Conj/Necr      100%       2d13      0%          1
g - Blink                 Tloc           100%       N/A       0%          2
h - Ozocubu's Armour      Ice            81%        N/A       0%          3
i - Olgreb's Toxic Radia  Pois           81%        N/A       1%          4
j - Lee's Rapid Deconstr  Erth           40%        3d20*     1%          5
k - Freezing Cloud        Conj/Ice/Air   51%        6-21      1%          5
l - Conjure Ball Lightni  Conj/Air       51%        3x3d18    1%          6
m - Summon Cactus Giant   Summ           40%        N/A       1%          6
Your spell library was empty.

Dungeon Overview and Level Annotations

Branches:
Dungeon (15/15)            Temple (1/1) D:4            Lair (5/5) D:9
  Swamp (0/4) Lair:2       Spider (2/4) Lair:3        Slime (0/5) Lair:5
    Orc (2/2) D:9             Elf (0/3) Orc:2        Vaults (0/5) D:14
 Depths (0/4) D:15          Sewer (visited)          Bailey (visited)
  IceCv (visited)         Gauntlet (visited)

Altars:
Ashenzari
Cheibriados
Dithmenos
Elyvilon
Fedhas
Gozag
Hepliaklqana
Makhleb
Nemelex Xobeh
Okawaru
Qazlal
Ru
Trog
Uskayaw
Wu Jian
Xom
Yredelemnul
Zin
The Shining One
Jiyva

Shops:
D:3 :   D:7 **(   D:14 [   Orc:2 ([*:

Annotations:
D:3 1 runed translucent door, Crazy Yiuf
D:7 3 runed translucent doors, vfn1303's ghost, novice DgHu
D:8 Psyche
Spider:2 Jorgrun; Kirke; Nikola


Innate Abilities, Weirdness & Mutations

You are immune to sickness and miasma.
You are immune to poison.
Your flesh is very heat resistant. (rF++)
You are vulnerable to cold. (rC-)
You float through the air rather than walking.
You learn spells naturally, not from books.
Your magical power is your life essence.
You have superior vitality. (+4 MHP)


Message History

A spider bursts forth from the wound!
The culicivora bites you but does no damage.
The wolf spider hits you.
* * * LOW HITPOINT WARNING * * *
The wolf spider bites you but does no damage.
The jumping spider pounces on you!
* * * LOW HITPOINT WARNING * * *
The jumping spider bites you but does no damage.
The tarantella moves out of view.
The broodmother bites you but does no damage.
The wolf spider hits you but does no damage.
The wolf spider bites you but does no damage.
The jumping spider leaps!
The wolf spider hits you!
* * * LOW HITPOINT WARNING * * *
The wolf spider bites you but does no damage.
The redback bites you but does no damage.
The broodmother bites you but does no damage.
The culicivora bites you but does no damage.
The jumping spider pounces on you.
* * * LOW HITPOINT WARNING * * *
The jumping spider bites you but does no damage.
The wolf spider hits you but does no damage.
The wolf spider bites you but does no damage.
The jumping spider leaps!
The redback bites you!
* * * LOW HITPOINT WARNING * * *
The broodmother bites you!!
* * * LOW HITPOINT WARNING * * *
A spider bursts forth from the wound!
The culicivora bites you but does no damage.
The jumping spider pounces on you but does no damage.
The jumping spider barely misses you.
The tarantella touches you but does no damage.
The wolf spider hits you but does no damage.
The wolf spider bites you but does no damage.
The redback bites you!
* * * LOW HITPOINT WARNING * * *
The broodmother bites you!!
You die...

..s...s......
#.............<.....
#..^................
..................h.
...s............... ##
#.s.s..............
#...##.?........^.......
#...ssss...........y...
#@s.........s.....
#ss...°^. s........
.##....... .. ....#.. ..
...## . ..# .### ... .^


You could see a broodmother, a wolf spider, 3 orb spiders, a culicivora, 2
jumping spiders, a tarantella and 2 redbacks.

Vanquished Creatures
  An emperor scorpion (Spider:1)
  A ghost moth (Spider:1)
  3 orc warlords
  A stone giant (D:15)
  3 broodmothers
  A minotaur (Gauntlet)
  A spark wasp (Spider:2)
  Snorg (Lair:4)
  An entropy weaver (Spider:1)
  Josephine (Spider:1)
  A great orb of eyes (D:12)
  An ice dragon (D:14)
  5 two-headed ogres
  5 catoblepae
  6 hydras
  2 radroaches (Spider:1)
  6 centaur warriors
  An ogre mage (D:14)
  5 boulder beetles
  2 tengu warriors
  13 death yaks (Lair:5)
  4 orc high priests (Orc:2)
  A hell knight (D:15)
  A fire crab (Lair:5)
  3 pharaoh ants (Spider:1)
  A skyshark (Lair:2)
  2 deep trolls (D:15)
  5 wizards
  4 orb spiders
  Pikel (D:5)
  4 steelbarb worms
  3 deep elf pyromancers (D:14)
  9 wolf spiders
  5 orc knights
  An oklob plant (Lair:1)
  10 ugly things
  5 orc sorcerers
  3 necromancers
  4 cyclopes
  4 manticores
  21 elephants
  12 slime creatures
  2 moths of wrath (Spider:1)
  A black mamba (Lair:2)
  An ice statue (IceCv)
  2 gargoyles
  A demonic crawler (Spider:1)
  12 cane toads
  A torpor snail (Spider:1)
  Maggie (D:7)
  2 kobold demonologists
  6 komodo dragons
  2 efreet (D:14)
  12 ice devils (IceCv)
  An anaconda simulacrum (IceCv)
  6 freezing wraiths
  12 trolls
  2 polar bears
  A hornet (D:9)
  17 blink frogs
  Prince Ribbit (Lair:3)
  2 raiju (Gauntlet)
  11 tarantellas
  8 dream sheep
  24 jumping spiders
  A shadow (D:10)
  9 culicivoras
  2 vampires
  Sigmund (D:3)
  2 centaur simulacra
  3 water elementals (D:15)
  8 wraiths
  34 yaks
  2 yaks (shapeshifter) (D:14)
  A dire elephant simulacrum (IceCv)
  2 hogs
  5 basilisks
  5 wyverns
  A wyvern (shapeshifter) (D:14)
  11 redbacks
  A steam dragon (Lair:4)
  5 vampire mosquitoes
  5 wargs
  8 death yak simulacra (IceCv)
  2 harpy simulacra (IceCv)
  15 water moccasins
  An acid dragon (D:12)
  Menkaure (D:5)
  A hydra simulacrum (IceCv)
  Duvessa (D:5)
  Pargi (Sewer)
  2 ice beasts
  33 orc warriors
  A meliai simulacrum (D:14)
  2 black bears (Lair:3)
  2 sky beasts (D:7)
  24 wolves
  6 ogres
  13 centaurs
  A lemure (D:5)
  A kobold brigand (D:9)
  2 phantoms
  10 bullfrogs
  4 cane toad simulacra (IceCv)
  4 scorpions
  A two-headed ogre simulacrum (IceCv)
  Dowan (D:5)
  16 wights
  9 killer bees
  5 elephant simulacra (IceCv)
  10 electric eels
  5 howler monkeys
  A bullfrog zombie (D:7)
  22 orc priests
  A gnoll bouda (D:7)
  7 hounds
  3 jellies
  Jessica (D:2)
  2 iguanas
  A sleepcap (D:8)
  31 orc wizards
  2 lightning spires (Gauntlet)
  2 polar bear simulacra (IceCv)
  2 spriggan simulacra (IceCv)
  A wolf simulacrum (IceCv)
  A killer bee zombie (D:7)
  Robin (D:3)
  12 gnolls
  14 adders
  2 naga simulacra (IceCv)
  2 shadow imps
  17 white imps
  2 ufetubi
  2 worms
  5 dart slugs
  92 orcs
  4 ball pythons
  8 endoplasms
  5 giant cockroaches
  18 goblins
  15 hobgoblins
  2 jackals (D:4)
  19 kobolds
  7 quokkas
  11 bats
  4 frilled lizards
  5 rats
  2 foxfires (Lair:5)
898 creatures vanquished.

Vanquished Creatures (collateral kills)
  2 emperor scorpions (Spider:1)
  A jumping spider (Spider:1)
  A culicivora (Spider:1)
  16 ball lightnings
  4 foxfires
24 creatures vanquished.

Vanquished Creatures (others)
  An orc wizard (D:8)
  231 ball lightnings
  874 foxfires
1106 creatures vanquished.

Grand Total: 2028 creatures vanquished

Notes
Turn   | Place    | Note
-------+----------+-------------------------------------------
     0 | D:1      | AIAndy the Djinni Fire Elementalist began the quest for the
                  | Orb.
     0 | D:1      | AIAndy set off with the following spells memorised:
                  | Foxfire, Scorch, Volatile Blastmotes, Inner Flame, Flame
                  | Wave.
     0 | D:1      | Reached XP level 1. HP: 15/15 MP: 0/0
   165 | D:1      | Reached XP level 2. HP: 17/21 MP: 0/0
   438 | D:1      | Reached XP level 3. HP: 20/25 MP: 0/0
   438 | D:1      | Learned a level 1 spell: Kiss of Death
  1092 | D:2      | Noticed Jessica
  1096 | D:2      | Killed Jessica
  1097 | D:2      | Reached skill level 3 in Spellcasting
  1097 | D:2      | Reached XP level 4. HP: 22/31 MP: 0/0
  1976 | D:3      | Noticed Robin
  1980 | D:3      | Reached XP level 5. HP: 34/35 MP: 0/0
  1980 | D:3      | Learned a level 2 spell: Blink
  1985 | D:3      | Killed Robin
  2079 | D:3      | Found Somie's Book Boutique.
  2151 | D:3      | Reached skill level 4 in Spellcasting
  2151 | D:3      | Found a glowing drain.
  2160 | Sewer    | Entered a sewer
  2280 | Sewer    | Noticed Pargi
  2284 | Sewer    | Killed Pargi
  2285 | Sewer    | Reached XP level 6. HP: 32/40 MP: 0/0
  2425 | D:3      | Found a runed translucent door.
  2426 | D:3      | Noticed Crazy Yiuf
  2571 | D:3      | Noticed Sigmund
  2578 | D:3      | Killed Sigmund
  2579 | D:3      | Reached skill level 5 in Spellcasting
  2579 | D:3      | Reached XP level 7. HP: 30/45 MP: 0/0
  2579 | D:3      | Learned a level 3 spell: Ozocubu's Armour
  2606 | D:3      | Identified the +4 leather armour of Huleg {rN+}
  3030 | D:4      | Found a staircase to the Ecumenical Temple.
  3048 | D:4      | Reached skill level 6 in Spellcasting
  3056 | Temple   | Entered the Ecumenical Temple
  3210 | Temple   | Became a worshipper of Makhleb the Destroyer
  3320 | D:4      | Reached skill level 1 in Fighting
  3532 | D:4      | Reached XP level 8. HP: 52/52 MP: 0/0
  3729 | D:5      | Entered Level 5 of the Dungeon
  3750 | D:5      | Noticed Menkaure
  3758 | D:5      | Killed Menkaure
  3882 | D:5      | Reached skill level 7 in Spellcasting
  3898 | D:5      | Reached * piety under Makhleb
  3931 | D:5      | Reached XP level 9. HP: 63/63 MP: 0/0
  3931 | D:5      | Learned a level 4 spell: Olgreb's Toxic Radiance
  3955 | D:5      | Noticed Pikel
  3966 | D:5      | Killed Pikel
  3967 | D:5      | Reached skill level 5 in Fighting
  4029 | D:5      | Noticed Duvessa
  4029 | D:5      | Noticed Dowan
  4034 | D:5      | Killed Dowan
  4039 | D:5      | Killed Duvessa
  4254 | D:6      | Reached skill level 8 in Spellcasting
  4708 | D:7      | Noticed Maggie
  4717 | D:7      | Reached XP level 10. HP: 55/75 MP: 0/0
  4719 | D:7      | Killed Maggie
  4761 | D:7      | Found Onlul's General Store.
  4763 | D:7      | Identified the ring "Zachis" {rC+ Will- rCorr Str+4 Dex+2}
  4774 | D:7      | Reached skill level 9 in Spellcasting
  4777 | D:7      | Reached ** piety under Makhleb
  4845 | D:7      | Bought a +2 pair of gloves for 247 gold pieces
  4863 | D:7      | Found Guaczak's General Store.
  4875 | D:7      | Found a sparkling altar of Nemelex Xobeh.
  4961 | D:7      | Found Ebroac's Antique Weapon Shop.
  5056 | D:7      | Found a basalt altar of Yredelemnul.
  5087 | D:7      | Found a runed translucent gate.
  5087 | D:7      | Found a runed translucent gate.
  5087 | D:7      | Found a runed translucent gate.
  5090 | D:7      | Noticed vfn1303's ghost (novice DgHu)
  5293 | D:8      | Noticed Psyche
  5370 | D:8      | Noticed a kobold demonologist
  5372 | D:8      | Noticed a rust devil
  5373 | D:8      | Noticed an orange demon
  5377 | D:8      | Noticed a sun demon
  5381 | D:8      | Killed a kobold demonologist
  5534 | D:8      | Found a large runed translucent door.
  5535 | D:8      | Found a large runed translucent door.
  5596 | D:8      | Found a white marble altar of Elyvilon.
  5670 | D:8      | Reached *** piety under Makhleb
  5796 | D:8      | Found a shimmering altar of Xom.
  5806 | D:8      | Found a bloodstained altar of Trog.
  5810 | D:8      | Reached XP level 11. HP: 84/84 MP: 0/0
  5810 | D:8      | Learned a level 5 spell: Lee's Rapid Deconstruction
  5828 | D:9      | Found a staircase to the Orcish Mines.
  5995 | D:9      | Reached skill level 10 in Fighting
  6032 | D:9      | Reached skill level 10 in Spellcasting
  6397 | D:9      | Found a staircase to the Lair.
  6509 | D:10     | Entered Level 10 of the Dungeon
  6584 | D:10     | Reached **** piety under Makhleb
  6665 | D:10     | Noticed a two-headed ogre
  6686 | D:10     | Killed a two-headed ogre
  6778 | D:10     | Found a sacrificial altar of Ru.
  6854 | D:10     | Found a flagged portal.
  6860 | D:10     | Identified the +1 hand axe of Corruption {flame, rN+ rCorr
                  | Stlth+}
  6865 | Bailey   | Entered a bailey
  6870 | Bailey   | Noticed an orc warlord
  6954 | Bailey   | Found a runed translucent gate.
  6956 | Bailey   | Found a runed translucent gate.
  6958 | Bailey   | Found a runed translucent gate.
  7057 | Bailey   | Killed an orc warlord
  7061 | Bailey   | Identified the +8 battleaxe "Hievvel" {spect, rElec}
  7209 | Bailey   | Reached skill level 12 in Spellcasting
  7209 | Bailey   | Reached XP level 12. HP: 94/94 MP: 0/0
  7340 | D:10     | Found a hazy altar of Hepliaklqana.
  7880 | D:11     | Reached skill level 13 in Spellcasting
  7890 | D:11     | Reached XP level 13. HP: 33/99 MP: 0/0
  7890 | D:11     | Learned a level 5 spell: Freezing Cloud
  8024 | D:11     | Found a gate leading to a gauntlet.
  8039 | Gauntlet | Entered a Gauntlet
  8039 | Gauntlet | Found a transporter.
  8048 | Gauntlet | Found a transporter.
  8065 | Gauntlet | Found a transporter.
  8069 | Gauntlet | Found a transporter.
  8090 | Gauntlet | Found a transporter.
  8103 | Gauntlet | Found a transporter.
  8117 | Gauntlet | Found a transporter.
  8118 | Gauntlet | Noticed a quicksilver ooze
  8144 | Gauntlet | Found a runed translucent door.
  8145 | Gauntlet | Found a transporter.
  8153 | Gauntlet | Found a transporter.
  8177 | Gauntlet | Found a transporter.
  8184 | Gauntlet | Found a transporter.
  8184 | Gauntlet | Found a transporter.
  8252 | Gauntlet | Reached ***** piety under Makhleb
  8261 | Gauntlet | Identified the +0 cloak of the Eight Boll Weevils {*Corrode
                  | rElec Regen+}
  8315 | Gauntlet | Noticed a minotaur
  8330 | Gauntlet | Killed a minotaur
  8373 | Gauntlet | Identified the +4 plate armour of Altruism {rC++}
  8373 | Gauntlet | Identified the ring of Puunetit {Fire rCorr}
  8625 | Lair:1   | Entered Level 1 of the Lair of Beasts
  9203 | Lair:1   | Reached skill level 14 in Spellcasting
  9375 | Lair:2   | Noticed a four-headed hydra
  9375 | Lair:2   | Found a staircase to the Swamp.
  9383 | Lair:2   | Killed a four-headed hydra
  9510 | Lair:2   | Noticed a four-headed hydra
  9515 | Lair:2   | Killed a four-headed hydra
  9740 | Lair:2   | Identified the +2 ring mail "Rulo Coth" {Rampage *Slow
                  | rElec Regen+ Int+5}
  9802 | Lair:2   | Noticed a four-headed hydra
  9807 | Lair:2   | Killed a four-headed hydra
  9808 | Lair:2   | Reached skill level 15 in Spellcasting
 10118 | Lair:3   | Noticed Prince Ribbit
 10121 | Lair:3   | Killed Prince Ribbit
 10129 | Lair:3   | Reached skill level 1 in Armour
 10188 | Lair:3   | Reached XP level 14. HP: 79/105 MP: 0/0
 10406 | Lair:3   | Found a hole to the Spider Nest.
 10510 | Lair:3   | Identified the +10 scale mail "Leqaxuq" {Dex+5}
 11517 | Lair:4   | Noticed Snorg
 11521 | Lair:4   | Killed Snorg
 11605 | Lair:5   | Entered Level 5 of the Lair of Beasts
 11734 | Lair:5   | Reached ****** piety under Makhleb
 12018 | Lair:5   | Reached skill level 16 in Spellcasting
 12018 | Lair:5   | Reached XP level 15. HP: 103/115 MP: 0/0
 12018 | Lair:5   | Learned a level 6 spell: Conjure Ball Lightning
 12402 | Lair:5   | Reached skill level 1 in Invocations
 12612 | Lair:5   | Found a staircase to the Slime Pits.
 12619 | Lair:5   | Found a viscous altar of Jiyva.
 12951 | Orc:1    | Entered Level 1 of the Orcish Mines
 13124 | Orc:2    | Entered Level 2 of the Orcish Mines
 13124 | Orc:2    | Found a staircase to the Elven Halls.
 13148 | Orc:2    | Noticed an orc warlord
 13153 | Orc:2    | Killed an orc warlord
 13156 | Orc:2    | Reached skill level 5 in Dodging
 13177 | Orc:2    | Reached skill level 5 in Armour
 13390 | Orc:2    | Noticed an orc warlord
 13398 | Orc:2    | Killed an orc warlord
 13563 | Orc:2    | Found Viluri's Antique Armour Shoppe.
 13564 | Orc:2    | Found Jiciula's Antique Weapon Emporium.
 13566 | Orc:2    | Found Saessuob's General Store.
 13566 | Orc:2    | Found Xutahurph's Book Shoppe.
 13584 | Orc:2    | Bought a runed helmet for 202 gold pieces
 13595 | Orc:2    | Bought a masterwork ring mail for 243 gold pieces
 13595 | Orc:2    | Identified the +6 ring mail of the Eternal Void {rC++
                  | Int-5} (You bought it in a shop on level 2 of the Orcish
                  | Mines)
 13605 | Orc:2    | Bought a scroll of identify for 20 gold pieces
 13607 | Orc:2    | Bought a scroll of identify for 20 gold pieces
 13607 | Orc:2    | Identified a scroll of acquirement
 13622 | Orc:2    | Acquired the ring of Kindness {Will- MP-9 EV+5 Dex+9 SInv}
 13676 | Orc:2    | Bought a pair of embroidered gloves for 202 gold pieces
 13676 | Orc:2    | Bought a pair of embroidered gloves for 202 gold pieces
 14049 | D:11     | Reached XP level 16. HP: 124/124 MP: 0/0
 14073 | D:12     | Found a frozen archway.
 14112 | IceCv    | Entered an ice cave
 14327 | IceCv    | Identified the +5 rapier "Tiawnuu" {flame, rPois Stlth+}
 14611 | IceCv    | Identified the ring "Mujot" {rPois rN+ Int+4}
 14776 | D:12     | Reached skill level 15 in Fighting
 15395 | D:13     | Reached skill level 17 in Spellcasting
 16307 | D:14     | Found a gate to the Vaults.
 16494 | D:14     | Identified the +3 leather armour of Pleasant Breezes
                  | {Will++ Slay+3}
 16879 | D:14     | Reached XP level 17. HP: 111/133 MP: 0/0
 16879 | D:14     | Learned a level 6 spell: Summon Cactus Giant
 16918 | D:14     | Found Tajos's Armour Boutique.
 17190 | D:15     | Entered Level 15 of the Dungeon
 17341 | D:15     | Identified the +4 falchion of the Supporting Gods {drain,
                  | *Slow rPois Will++}
 17369 | D:15     | Identified the +0 helmet "Qin Ewob" {Str+2}
 17399 | D:15     | Found a staircase to the Depths.
 17841 | Spider:1 | Entered Level 1 of the Spider Nest
 18119 | Spider:1 | Noticed Josephine
 18121 | Spider:1 | Killed Josephine
 18256 | Spider:1 | Reached skill level 18 in Spellcasting
 19146 | Spider:2 | Noticed Kirke
 19241 | Spider:2 | Noticed Nikola
 19260 | Spider:2 | Noticed Jorgrun
 19265 | Spider:2 | Reached XP level 18. HP: 75/142 MP: 0/0
 19273 | Spider:2 | HP: 7/142 [redback[a broodmother] (3)]
 19273 | Spider:2 | Slain by a broodmother

Illustrated notes

Levels and vault maps discovered:
D:1:      psy_arrival_spokes, layout_basic
D:2:      layout_loops_corners, uniq_jessica
D:3:      layout_basic, portal_sewer_entry_d, serial_shops,
          nicolae_book_shop_shelving, minmay_quantized, uniq_crazy_yiuf_cottage,
          uniq_sigmund, uniq_robin
D:4:      dreamdust_elfheim, layout_rooms, minmay_temple_entry_tees,
          kennysheep_diamond, minmay_small_thing
D:5:      layout_cave_pools, st_stairs_9, uniq_pikel, uniq_duvessa,
          uniq_menkaure
D:6:      layout_rooms, serial_corexii_hall, corexii_hall_statues_i,
          chequers_hall_statues_wall_a, kennysheep_generic_room_16
D:7:      layout_rooms, mainiacjoe_overflow_cross_hatched,
          lemuel_zombie_altar_yredelemnul, gammafunk_ghost_nasty_kobolds,
          serial_shops, shop, nicolae_shop_advertising_works
          [nicolae_subvault_shop_adworks],
          nicolae_shop_temple_entry_statues_fountains, serial_bayou_crossing,
          uniq_maggie
D:8:      layout_basic, kennysheep_mini, jmf_multi_god_temple2, uniq_psyche
D:9:      layout_gridville, erik_lair_island, orc_0_dummy, minivault_11
D:10:     layout_grid_maze, nicolae_hepliaklqana_hazy_memory,
          lemuel_round_altar, enter_bailey_2
D:11:     layout_rooms, gauntlet_entry_generic, serial_curves, eino_curves_04,
          eino_curves_04
D:12:     layout_loops_ring, portal_ice_cave_entry_imps
D:13:     layout_basic
D:14:     minmay_the_grid_4x2 [minmay_the_grid_stretched_grid,
          minmay_the_grid_odd_star, minmay_the_grid_dragon_b,
          minmay_the_grid_empty, minmay_the_grid_outer_circle,
          minmay_the_grid_spikes, minmay_the_grid_minigrid_medium,
          minmay_the_grid_prize_shrinking_boxes], layout_gridville,
          david_vaults_1, serial_shops, shop, infiniplex_staircase_pillars_2
D:15:     hangedman_depths_entry_civil_slaughter, layout_rooms,
          chequers_big_river, drop_trap
Temple:   nicolae_temple_bog_church
Lair:1:   layout_roguey, minmay_lair_oklob_bushes, grunt_megastairs_2,
          infiniplex_staircase_pool
Lair:2:   layout_regular_city, minmay_swamp_entry_reptiles
Lair:3:   layout_chaotic_city, dummy_spider_entry, grunt_megastairs_3,
          uniq_prince_ribbit2
Lair:4:   layout_loops_ring, uniq_snorg
Lair:5:   evilmike_catoblepas_cave, layout_small_grid, dpeg_slime_entry_corner
Spider:1: nicolae_spider_hilbert_zone_1 [nicolae_spider_hilbert_4_sides_1_open,
          nicolae_spider_hilbert_4_sides_1_open,
          nicolae_spider_hilbert_4_sides_1_open,
          nicolae_spider_hilbert_4_sides_1_open,
          nicolae_spider_hilbert_3_sides_1_open,
          nicolae_spider_hilbert_3_sides_1_open,
          nicolae_spider_hilbert_3_sides_1_open,
          nicolae_spider_hilbert_3_sides_1_open,
          nicolae_spider_hilbert_3_sides_1_open,
          nicolae_spider_hilbert_6_sides_1_open,
          nicolae_spider_hilbert_6_sides_1_open,
          nicolae_spider_hilbert_3_sides_1_open,
          nicolae_spider_hilbert_3_sides_1_open,
          nicolae_spider_hilbert_3_sides_1_open,
          nicolae_spider_hilbert_3_sides_1_open,
          nicolae_spider_hilbert_2_sides_1_open], uniq_josephine
Spider:2: cheibrodos_spider_deadly_dance, hangedman_spider_tarantella_strand,
          uniq_nikola, uniq_jorgrun, uniq_kirke
Orc:1:    layout_diamond_mine, basic_altar, led_sif_book
Orc:2:    st_orc_congregation, layout_caves

Skill      XL: |  1  2  3  4  5  6  7  8  9 10 11 12 13 14 15 16 17 |
---------------+----------------------------------------------------+-----
Stealth        | 2 |  2.1
Spellcasting   | 3 4 5 6 7 8 9 12 13 15 16 17 18 | 18.2
Fighting       | 1 4 7 9 11 13 14 16 17 | 17.0
Dodging        | 3 4 5 6 8 |  8.0
Armour         | 1 4 5 6 7 |  7.7
Invocations    | 3 4 |  4.0

Action                     |  1- 3 |  4- 6 |  7- 9 | 10-12 | 13-15 | 16-18 || total
---------------------------+-------+-------+-------+-------+-------+-------++-------
   Cast: Foxfire           |    61 |    42 |   159 |   122 |   126 |    13 ||   523
         Scorch            |     5 |    36 |    49 |   117 |   210 |   161 ||   578
         Ozocubu's Armour  |       |       |     1 |     2 |     8 |    12 ||    23
         Olgreb's Toxic Ra |       |       |     5 |    34 |   101 |    41 ||   181
         Flame Wave        |       |       |     1 |     6 |    12 |    27 ||    46
         Volatile Blastmot |       |       |       |     2 |       |       ||     2
         Blink             |       |       |       |     2 |       |     6 ||     8
         Lee's Rapid Decon |       |       |       |     9 |    70 |   145 ||   224
         Freezing Cloud    |       |       |       |       |    32 |     6 ||    38
         Inner Flame       |       |       |       |       |     4 |     2 ||     6
         Conjure Ball Ligh |       |       |       |       |    40 |    63 ||   103
         Summon Cactus Gia |       |       |       |       |       |     8 ||     8
    Use: Scroll            |       |       |     5 |    19 |     7 |     5 ||    36
         Potion            |       |       |       |     1 |     2 |     2 ||     5
 Armour: Leather armour    |     6 |     7 |       |       |       |       ||    13
         Troll leather arm |       |       |    15 |    16 |    88 |   194 ||   313
  Dodge: Dodged            |     4 |    12 |    21 |    27 |    74 |   216 ||   354
